 Dungeon Crawl Stone Soup version 0.27.1-2-g3b301248ec (webtiles) character file.

Game seed: 9882973165433646200

288 Borgoz the Skirmisher (level 6, 0/39 HPs)
             Began as a Gargoyle Berserker on Sept 26, 2021.
             Was a Believer of Trog.
             Slain by a killer bee (4 damage)
             ... on level 4 of the Dungeon.
             The game lasted 00:02:28 (4335 turns).

Borgoz the Skirmisher (Gargoyle Berserker)          Turns: 4335, Time: 00:02:28

Health: 0/39       AC: 22    Str: 21    XL:     6   Next: 31%
Magic:  6/6        EV:  7    Int:  7    God:    Trog [**....]
Gold:   127        SH:  0    Dex: 11    Spells: 5/5 levels left

rFire    . . .     SeeInvis +   a - +0 mace
rCold    . . .     Faith    .   (no shield)
rNeg     + . .     Spirit   .   s - +0 plate armour
rPois    ∞         Reflect  .   u - +0 helmet {SInv}
rElec    +         Harm     .   b - +0 cloak
rCorr    .         Rampage  .   (no gloves)
Will     ++...                  (no boots)
Stlth    ..........             (no amulet)
HPRegen  1.13/turn              m - +4 ring of protection
MPRegen  0.10/turn              (no ring)

@: strong-willed, on berserk cooldown, regenerating, slowed, very slow
A: sickness immunity, AC +4, negative energy resistance 1, electricity
resistance, torment resistance 1, petrification resistance
a: Renounce Religion, Berserk, Trog's Hand


You were on level 4 of the Dungeon.
You worshipped Trog.
Trog was pleased with you.
You visited 1 branch of the dungeon, and saw 4 of its levels.

You collected 127 gold pieces.

Inventory:

Hand Weapons
 a - a +0 mace (weapon)
Armour
 b - a +0 cloak (worn)
 s - a +0 plate armour (worn)
 u - a +0 helmet of see invisible (worn)
Jewellery
 m - a +4 ring of protection (left hand)
Scrolls
 c - a scroll of immolation {unknown}
 e - a scroll of amnesia {unknown}
 g - 2 scrolls of enchant weapon {unknown}
 h - 2 scrolls of teleportation {unknown}
 i - a scroll of holy word {unknown}
 l - a scroll of brand weapon {unknown}
 o - a scroll of fog {unknown}
 p - 3 scrolls of identify {unknown}
 r - a scroll of magic mapping {unknown}
Potions
 d - a potion of brilliance {unknown}
 f - 2 potions of ambrosia {unknown}
 j - 3 potions of attraction {unknown}
 k - 3 potions of degeneration {unknown}
 n - a potion of magic {unknown}
 q - 2 potions of curing {unknown}
 t - a potion of invisibility {unknown}


   Skills:
 + Level 4.6 Fighting
 + Level 4.2 Maces & Flails
 + Level 3.9 Armour
 + Level 3.0 Dodging


You had 5 spell levels left.
You didn't know any spells.
Your spell library was empty.

Dungeon Overview and Level Annotations

Branches:
Dungeon (4/15)
 Temple: D:4-7

Altars:
Fedhas

Shops:
D:4 *

Annotations:
D:4 2 transporters, OdinelGallardo's ghost, amateur MfIE


Innate Abilities, Weirdness & Mutations

You are immune to sickness and miasma.
Your stone body is resilient. (AC +4)
You are immune to poison.
You resist negative energy. (rN+)
You are resistant to electric shocks. (rElec)
You are resistant to unholy torment.
You are immune to petrification.


Message History

The killer bee is heavily wounded.
The killer bee barely misses you. x2
The killer bee stings you but does no damage. x2
The killer bee barely misses you.
You miss the killer bee.
The killer bee is heavily wounded.
The killer bee barely misses you.
The killer bee stings you but does no damage.
The killer bee stings you. The killer bee stings you!
You closely miss the killer bee.
The killer bee is heavily wounded.
The killer bee stings you.
* * * LOW HITPOINT WARNING * * *
The killer bee barely misses you. x2; The killer bee stings you.
* * * LOW HITPOINT WARNING * * *
The killer bee barely misses you.
You barely miss the killer bee.
The killer bee is heavily wounded.
The killer bee barely misses you. The killer bee completely misses you.
The killer bee stings you but does no damage.
The killer bee barely misses you.
The killer bee stings you but does no damage.
The killer bee stings you but does no damage.
You feel a strong urge to attack something.
You are no longer berserk.
You are exhausted.
You feel yourself slow down.
The killer bee stings you but does no damage. x2
The killer bee stings you.
* * * LOW HITPOINT WARNING * * *
The killer bee stings you.
* * * LOW HITPOINT WARNING * * *
The killer bee closely misses you. The killer bee barely misses you.
The killer bee stings you but does no damage. x2
The killer bee barely misses you.
The killer bee stings you but does no damage.
The killer bee closely misses you. x2; The killer bee stings you!
* * * LOW HITPOINT WARNING * * *
The killer bee stings you.
You die...

#........# ##.§...≈..#
#.........# #....∩....#
#.........##
#..≈...#...#
#....g.....#
#.####.yy..#############
#.. #y@y...............
...# #.....#############
.... #.....# ....
#....... .....
#.....#..# ...######.#
###.. . ##


You could see 4 killer bees and a goblin.

Vanquished Creatures
  2 orc priests (D:3)
  A hound (D:4)
  An iguana (D:4)
  Natasha (thrice) (D:3)
  3 adders
  A worm (D:3)
  6 orcs (D:3)
  4 ball pythons
  3 endoplasms
  2 giant cockroaches
  5 goblins
  7 hobgoblins
  3 jackals (D:4)
  7 kobolds
  6 quokkas
  5 bats
  3 frilled lizards
  3 rats
65 creatures vanquished.

Notes
Turn   | Place    | Note
-------+----------+-------------------------------------------
     0 | D:1      | Borgoz the Gargoyle Berserker began the quest for the Orb.
     0 | D:1      | Reached XP level 1. HP: 14/14 MP: 1/1
   395 | D:1      | Reached XP level 2. HP: 13/19 MP: 2/2
  1584 | D:2      | Reached XP level 3. HP: 23/23 MP: 3/3
  2014 | D:2      | Found a blossoming altar of Fedhas.
  2417 | D:3      | Reached ** piety under Trog
  2700 | D:3      | Reached XP level 4. HP: 26/29 MP: 4/4
  2854 | D:3      | Noticed Natasha
  2863 | D:3      | Killed Natasha
  3131 | D:3      | Noticed Natasha
  3140 | D:3      | Reached XP level 5. HP: 20/33 MP: 5/5
  3144 | D:3      | Killed Natasha
  3780 | D:3      | Noticed Natasha
  3786 | D:3      | Killed Natasha
  3951 | D:4      | Reached XP level 6. HP: 26/39 MP: 6/6
  4079 | D:4      | Noticed a two-headed ogre
  4092 | D:4      | Noticed OdinelGallardo's ghost (amateur MfIE)
  4105 | D:4      | Found a transporter.
  4115 | D:4      | Found a transporter.
  4296 | D:4      | Found Edaasch's Elemental Accessories.
  4335 | D:4      | Slain by a killer bee

Illustrated notes

Levels and vault maps discovered:
D:1:      dpeg_arrival_simpleton_a, layout_loops_ring, chequers_hall_statues_y
D:2:      layout_basic, basic_altar, kennysheep_generic_room_2
D:3:      layout_basic, minmay_misc_feat_enclosed, minivault_27, uniq_natasha
D:4:      layout_rooms, gammafunk_ghost_arena, nicolae_elemental_shop,
          kennysheep_generic_room_7

Skill      XL: |  1  2  3  4  5  6 |
---------------+-------------------+-----
Dodging        | 2 3 |  3.0
Armour         | 3 |  3.9
Fighting       | 4 |  4.6
Maces & Flails | 4 |  4.2

Action                   |  1- 3 |  4- 6 || total
-------------------------+-------+-------++-------
Melee: Mace              |   130 |    90 ||   220
Invok: Berserk           |       |     3 ||     3
       Trog's Hand       |       |     1 ||     1
 Stab: Sleeping          |     1 |       ||     1
Armor: Animal skin       |    42 |    12 ||    54
       Plate armour      |       |   114 ||   114
Dodge: Dodged            |    83 |   103 ||   186
